[Event "Titled Tuesday Blitz January 31 Late 2023"]
[White "Oparin, Grigoriy"]
[Black "Duda, Jan-Krzysztof"]
[WhiteFideId "24125890"]
[BlackFideId "1170546"]
[WhiteElo "2667"]
[BlackElo "2724"]
[Result "1/2-1/2"]
[Round "10"]
[TimeControl "180+2"]
[Date "2023.01.31"]
[WhiteClock "0:00:58"]
[BlackClock "0:00:10"]

1. Nf3 Nf6 2. c4 g6 3. Nc3 d5 4. cxd5 Nxd5 5. g3 Bg7 6. Bg2 Nc6 7. O-O O-O 8. d4 e5 9. e3 Nxc3 10. bxc3 e4 11. Nd2 f5 12. Rb1 b6 13. f3 exf3 14. Nxf3 Bb7 15. c4 Na5 16. Qe2 Re8 17. Bb2 Bh6 18. Ne5 Bxg2 19. Kxg2 Bg7 20. Rbd1 c5 21. Qf3 Qe7 22. Qd5+ Qe6 23. dxc5 Bxe5 24. Bxe5 Nxc4 25. Bf4 Qxd5+ 26. Rxd5 Nxe3+ 27. Bxe3 Rxe3 28. cxb6 axb6 29. Rf2 Ra7 30. Rd6 b5 31. Rb6 Re5 32. Rb2 Kg7 33. h4 Kh6 34. R6xb5 Rxb5 35. Rxb5 Rxa2+ 36. Kh3 Ra3 37. Kg2 Kh5 38. Kh3 Re3 39. Rc5 Kh6 40. Kg2 Re7 41. Ra5 Kg7 42. Rb5 Kf6 43. Rb6+ Ke5 44. Kf3 Rd7 45. Rb5+ Rd5 46. Rb3 Rc5 47. Re3+ Kf6 48. Ra3 Re5 49. Ra6+ Re6 50. Ra7 h6 51. Ra5 Rd6 52. Ra3 Ke5 53. Ra5+ Rd5 54. Ra3 g5 55. hxg5 hxg5 56. Re3+ Kf6 57. Ra3 Re5 58. Ra6+ Re6 59. Ra3 Rd6 60. Rb3 Kg6 61. Ra3 Rc6 62. Rb3 Kf6 63. Ra3 Ke6 64. Re3+ Kd5 65. Ra3 Ke5 66. Ra5+ Kf6 67. Ra3 Rb6 68. Rc3 g4+ 69. Kf2 Ke5 70. Re3+ Kd4 71. Ra3 Rb2+ 72. Kf1 Rd2 73. Ra4+ Ke3 74. Rf4 Rd5 75. Kg2 Kd3 76. Kg1 Ke2 77. Kg2 Ke1 78. Kg1 Rd3 79. Kg2 Rd2+ 80. Kg1 Rd5 81. Kg2 Ke2 82. Kg1 Ke3 83. Kg2 Re5 84. Kg1 Kd3 85. Kg2 Re2+ 86. Kg1 Re3 87. Kg2 Re5 88. Kg1 Kc3 89. Kg2 Ra5 90. Kg1 Kd3 91. Kg2 Ke2 92. Kg1 Ke3 93. Kg2 Ke2 94. Kg1 Ra3 95. Kg2 Rf3 96. Ra4 Rf2+ 97. Kg1 Rf3 98. Kg2 Kd2 99. Ra2+ Kd3 100. Ra3+ Ke2 101. Ra2+ Ke3 102. Ra3+ Ke2 103. Ra2+ Kd1 104. Ra1+ Kc2 105. Ra2+ Kb3 106. Ra5 Kc4 107. Ra4+ Kd5 108. Ra5+ Ke6 109. Ra6+ Ke5 110. Ra5+ Kf6 111. Ra6+ Kg5 112. Ra5 Rc3 113. Kf2 Rc2+ 114. Kg1 Rd2 115. Rb5 Kf6 116. Ra5 Ke6 117. Rb5 Rd5 118. Rb4 Ke5 1/2-1/2


[Site "https://www.chess.com"]

[Event "Titled Tuesday Blitz January 31 Late 2023"]
[White "Dominguez Perez, Leinier"]
[Black "Bortnyk, Olexandr"]
[WhiteFideId "3503240"]
[BlackFideId "14120828"]
[WhiteElo "2739"]
[BlackElo "2605"]
[Result "0-1"]
[Round "10"]
[TimeControl "180+2"]
[Date "2023.01.31"]
[WhiteClock "0:00:04"]
[BlackClock "0:00:04"]

1. d4 d6 2. Nf3 Nf6 3. e3 g6 4. Be2 Bg7 5. O-O O-O 6. c4 c5 7. Nc3 cxd4 8. exd4 Nc6 9. d5 Nb4 10. a3 Na6 11. Nd4 Bd7 12. b4 Rc8 13. Be3 Nc7 14. h3 a6 15. a4 e6 16. dxe6 Nxe6 17. a5 Nxd4 18. Bxd4 Be6 19. c5 dxc5 20. Bxc5 Re8 21. Qxd8 Rexd8 22. Rad1 Nd7 23. Ne4 Nxc5 24. Nxc5 Bd5 25. Bf3 Bxf3 26. gxf3 Bc3 27. Rxd8+ Rxd8 28. Nxb7 Rb8 29. Nc5 Rxb4 30. Nxa6 Rb5 31. Rc1 Bxa5 32. Nc5 Bb6 33. Nd3 Rb3 34. Rd1 Kg7 35. Rd2 Rb5 36. Rb2 Rg5+ 37. Kf1 Bd4 38. Rb4 Bf6 39. Rg4 Rd5 40. Ke2 Ra5 41. Re4 Ra1 42. h4 Rh1 43. Ne1 Bxh4 44. Ng2 Bf6 45. f4 Ra1 46. Ne3 h5 47. Kf3 Ra3 48. Rc4 Be7 49. Rc6 Ra4 50. Rc7 Rxf4+ 51. Kxf4 Bd6+ 52. Kf3 Bxc7 53. Nd5 Bd6 54. Nc3 f6 55. Ne4 Be5 56. Nc5 Kf7 57. Ke4 Bd6 58. Nd3 f5+ 59. Kf3 g5 60. Kg2 Kf6 61. f3 g4 62. fxg4 hxg4 63. Nf2 Kg5 64. Nd3 Bc7 65. Ne1 Bb6 66. Nd3 f4 67. Kf1 f3 68. Nb2 g3 69. Nc4 g2+ 0-1


[Site "https://www.chess.com"]

[Event "Titled Tuesday Blitz January 31 Late 2023"]
[White "Kravtsiv, Martyn"]
[Black "Terry, Renato"]
[WhiteFideId "14113147"]
[BlackFideId "3803457"]
[WhiteElo "2598"]
[BlackElo "2520"]
[Result "1-0"]
[Round "10"]
[TimeControl "180+2"]
[Date "2023.01.31"]
[WhiteClock "0:00:36"]
[BlackClock "0:00:03"]

1. e4 g6 2. d4 Bg7 3. Nc3 c6 4. f4 d5 5. e5 h5 6. Nf3 Nh6 7. Bd3 Bf5 8. O-O e6 9. Be3 Bf8 10. Ne2 Be7 11. h3 h4 12. Bf2 Nd7 13. b3 Bxd3 14. Qxd3 Nf5 15. c4 a5 16. Rfc1 Qb6 17. Nc3 Qa6 18. Nd1 a4 19. Rab1 Nb6 20. Ne3 Nxe3 21. Bxe3 axb3 22. axb3 Qa2 23. Bf2 Kf8 24. c5 Nd7 25. Qc3 Qa5 26. b4 Qb5 27. Ra1 Rxa1 28. Rxa1 Kg7 29. Ra5 Qe2 30. Ra7 Qb5 31. Ra5 Qe2 32. Qe1 Qb2 33. Ra7 Rb8 34. Kh2 Qc2 35. Bxh4 Bxh4 36. Qxh4 Qf5 37. Qg5 Qe4 38. Kg3 Qe3 39. Qe7 Nf8 40. h4 g5 41. Qxg5+ Kh8 42. f5 Nh7 43. Qxe3 1-0


[Site "https://www.chess.com"]

[Event "Titled Tuesday Blitz January 31 Late 2023"]
[White "Zierk, Steven"]
[Black "Timmermans, Mark"]
[WhiteFideId "2034255"]
[BlackFideId "1026399"]
[WhiteElo "2488"]
[BlackElo "2392"]
[Result "1-0"]
[Round "10"]
[TimeControl "180+2"]
[Date "2023.01.31"]
[WhiteClock "0:00:19"]
[BlackClock "0:00:18"]

1. e4 e5 2. Nf3 Nc6 3. Bc4 Nf6 4. d4 exd4 5. e5 d5 6. Bb5 Ne4 7. Nxd4 Bc5 8. O-O Bd7 9. Bxc6 bxc6 10. Be3 O-O 11. f3 Ng5 12. Nc3 f6 13. exf6 Qxf6 14. Qd2 Nf7 15. Nb3 Bd6 16. Bd4 Qg6 17. Rae1 Ng5 18. Kh1 Qh5 19. f4 Rae8 20. Rxe8 Bxe8 21. Bxa7 Bg6 22. Bc5 Ne4 23. Nxe4 Bxe4 24. Bxd6 cxd6 25. a4 Rf6 26. Kg1 Rh6 27. g3 Rg6 28. a5 Qh3 29. Qf2 c5 30. Nd2 h5 31. Nxe4 dxe4 32. Qg2 Qe6 33. f5 1-0


[Site "https://www.chess.com"]

[Event "Titled Tuesday Blitz January 31 Late 2023"]
[White "Petkov, Momchil"]
[Black "Jobava, Baadur"]
[WhiteFideId "2921642"]
[BlackFideId "13601520"]
[WhiteElo "2522"]
[BlackElo "2578"]
[Result "1-0"]
[Round "10"]
[TimeControl "180+2"]
[Date "2023.01.31"]
[WhiteClock "0:00:15"]
[BlackClock "0:00:07"]

1. d4 Nf6 2. Nf3 c5 3. d5 g6 4. c4 Bg7 5. Nc3 d6 6. g3 O-O 7. Bg2 e6 8. O-O exd5 9. cxd5 Re8 10. Bf4 Na6 11. Re1 Nc7 12. e4 Bg4 13. h3 Bxf3 14. Bxf3 Nd7 15. Bxd6 c4 16. Bg2 b5 17. Bxc7 Qxc7 18. d6 Qb6 19. e5 Nxe5 20. d7 Red8 21. Bxa8 Rxd7 22. Qe2 Rd8 23. Bg2 Nd3 24. Nd5 Qc5 25. Red1 Rxd5 26. Bxd5 Qxd5 27. Rxd3 cxd3 28. Qe8+ Bf8 29. Rd1 Qxa2 30. Qxb5 a6 31. Qxd3 h5 32. h4 Kh7 33. Qd5 Qxb2 34. Qxf7+ Bg7 35. Rd7 a5 36. Ra7 Qc3 37. Ra6 1-0


[Site "https://www.chess.com"]

[Event "Titled Tuesday Blitz January 31 Late 2023"]
[White "Salem, A.R. Saleh"]
[Black "Paichadze, Luka"]
[WhiteFideId "9301348"]
[BlackFideId "13602934"]
[WhiteElo "2677"]
[BlackElo "2515"]
[Result "1-0"]
[Round "10"]
[TimeControl "180+2"]
[Date "2023.01.31"]
[WhiteClock "0:00:11"]
[BlackClock "0:00:12"]

1. d4 Nf6 2. c4 e6 3. Nc3 Bb4 4. a3 Bxc3+ 5. bxc3 O-O 6. f3 d6 7. e4 Nc6 8. Bd3 b6 9. Ne2 Ba6 10. Bg5 Na5 11. f4 h6 12. Bh4 Bxc4 13. e5 dxe5 14. fxe5 g5 15. exf6 gxh4 16. O-O Qd5 17. Nf4 Qg5 18. Kh1 Kh8 19. Nh3 Qg8 20. Rf4 Bxd3 21. Qxd3 Qh7 22. Qe2 Rg8 23. Rxh4 Rg6 24. Nf4 Rg5 25. Rf1 Rag8 26. Qf3 Rf5 27. Qe2 Rgg5 28. Nh3 Rxf1+ 29. Qxf1 Rf5 30. Rf4 Rxf4 31. Qxf4 Qb1+ 32. Ng1 Qg6 33. h3 Nb3 34. Nf3 Kh7 35. Qxc7 Qxf6 36. Qxa7 Nc1 37. Qxb6 Nd3 38. Qb1 Qf5 39. Kg1 Qe4 40. a4 Qe3+ 41. Kh2 Qf4+ 42. Kh1 Qe4 43. Qf1 Nf4 44. Nd2 Qe3 45. Nc4 Qe4 46. Nd6 Qe3 47. Nxf7 Ne2 48. Kh2 Qg3+ 49. Kh1 Qe3 50. Qb1+ Kg7 51. Ne5 Ng3+ 52. Kh2 Qf4 53. Qg6+ Kf8 54. Qf7+ Qxf7 55. Nxf7 Ne2 56. Nd6 Nxc3 57. a5 Ke7 58. a6 Nd5 59. a7 Nc7 60. Nb5 Na8 61. g4 Kd7 62. h4 Kc6 63. g5 hxg5 64. hxg5 Kxb5 65. g6 1-0


[Site "https://www.chess.com"]

[Event "Titled Tuesday Blitz January 31 Late 2023"]
[White "Yuan, Qingyu"]
[Black "Pranav, V"]
[WhiteFideId "8609772"]
[BlackFideId "25060783"]
[WhiteElo "2373"]
[BlackElo "2597"]
[Result "0-1"]
[Round "10"]
[TimeControl "180+2"]
[Date "2023.01.31"]
[WhiteClock "0:00:16"]
[BlackClock "0:00:06"]

1. e4 e5 2. Nf3 Nc6 3. Bb5 a6 4. Ba4 d6 5. Nc3 Bd7 6. Bxc6 bxc6 7. d4 f6 8. Be3 Ne7 9. Qd3 Ng6 10. O-O Be7 11. Rfe1 O-O 12. h3 Qc8 13. Rad1 Rf7 14. Kh2 Nf8 15. Qc4 Be6 16. Qxc6 Rb8 17. b3 Bd7 18. Qc4 c6 19. Ne2 Qc7 20. Ng3 Qc8 21. Kg1 h6 22. Nh4 Be6 23. Qe2 d5 24. Nhf5 Bb4 25. Bd2 Bxd2 26. Rxd2 Qc7 27. c3 dxe4 28. Qxe4 Re8 29. dxe5 Bxf5 30. Qxf5 fxe5 31. Qg4 Re6 32. Ne4 Rg6 33. Qe2 Ne6 34. Ng3 Rg5 35. h4 Nf4 36. Qe4 Rg6 37. Qxe5 Re6 38. Qxe6 Nxe6 39. Rxe6 Qf4 40. Rd8+ Kh7 41. Re5 Qxe5 42. Rd3 Qe1+ 43. Kh2 Rxf2 44. h5 Rxa2 45. Re3 Qxe3 0-1


[Site "https://www.chess.com"]

[Event "Titled Tuesday Blitz January 31 Late 2023"]
[White "Kamsky, Gata"]
[Black "Santos Ruiz, Miguel"]
[WhiteFideId "2000024"]
[BlackFideId "22291482"]
[WhiteElo "2665"]
[BlackElo "2590"]
[Result "1/2-1/2"]
[Round "10"]
[TimeControl "180+2"]
[Date "2023.01.31"]
[WhiteClock "0:00:04"]
[BlackClock "0:00:08"]

1. d4 Nf6 2. Bf4 d5 3. e3 c5 4. c3 Nc6 5. Nd2 e6 6. Ngf3 Be7 7. Bd3 Nh5 8. Bg3 g6 9. Qe2 cxd4 10. exd4 O-O 11. O-O Nxg3 12. hxg3 h5 13. Ne5 Nxe5 14. Qxe5 Bd6 15. Qe2 Bd7 16. a4 Qf6 17. Nf3 Rac8 18. Ne5 Bxe5 19. dxe5 Qg7 20. a5 Rc5 21. Qe3 Rfc8 22. Rfd1 a6 23. Bc2 Qf8 24. Rd4 Rc4 25. Bd3 Rxd4 26. Qxd4 Qc5 27. Qxc5 Rxc5 28. f3 Bb5 29. Bxb5 Rxb5 30. Ra2 f6 31. exf6 Kf7 32. Kf2 Kxf6 33. Ke3 e5 34. b4 d4+ 35. Kd3 dxc3 36. Kxc3 Rd5 37. Rc2 g5 38. Kb3 Rd7 39. Re2 Kf5 40. Re4 Rd4 41. Re2 h4 42. gxh4 gxh4 43. Kc3 Kf4 44. Re1 Kf5 45. Re2 Kf4 46. Re1 Kf5 47. Re2 1/2-1/2


[Site "https://www.chess.com"]

[Event "Titled Tuesday Blitz January 31 Late 2023"]
[White "Karolczuk, Iwo"]
[Black "Hansen, Eric"]
[WhiteFideId "21816972"]
[BlackFideId "2606771"]
[WhiteElo "2343"]
[BlackElo "2609"]
[Result "0-1"]
[Round "10"]
[TimeControl "180+2"]
[Date "2023.01.31"]
[WhiteClock "0:00:01"]
[BlackClock "0:00:06"]

1. e4 c5 2. Nc3 e6 3. Nf3 Nc6 4. d4 cxd4 5. Nxd4 Qc7 6. a3 a6 7. Be3 d6 8. f4 Bd7 9. Qf3 Nf6 10. Bd3 Rc8 11. O-O-O Nxd4 12. Bxd4 e5 13. Be3 Bg4 14. Qg3 Bxd1 15. Rxd1 Nh5 16. Qg4 Nxf4 17. Bxf4 exf4 18. Nd5 Qd7 19. Qxf4 Qe6 20. Rf1 Be7 21. Be2 h5 22. Kb1 Rc5 23. Bf3 Qe5 24. Qd2 O-O 25. Bxh5 Qxe4 26. Bf3 Qh4 27. g3 Qg5 28. Qd3 Bd8 29. Be4 g6 30. h4 Qe5 31. h5 f5 32. Bg2 gxh5 33. Qf3 Kg7 34. Qxh5 Rh8 35. Qd1 Rb5 36. c3 Rh2 37. Re1 Qxg3 38. Qd4+ Kf7 39. Rf1 Rxb2+ 40. Ka1 Ra2+ 41. Kb1 Rb2+ 42. Ka1 Qxg2 43. Rxf5+ Ke6 44. Nf4+ Kxf5 45. Nxg2 Rbxg2 46. Qd5+ Kf6 47. Qxd6+ Kf7 48. Qd7+ Be7 49. Qf5+ Kg7 50. Qe5+ Bf6 51. Qc7+ Kg6 0-1


[Site "https://www.chess.com"]

[Event "Titled Tuesday Blitz January 31 Late 2023"]
[White "Urazayev, Arystanbek"]
[Black "Fernandez Guillen, Ernesto J."]
[WhiteFideId "13709810"]
[BlackFideId "3512428"]
[WhiteElo "2460"]
[BlackElo "2477"]
[Result "0-1"]
[Round "10"]
[TimeControl "180+2"]
[Date "2023.01.31"]
[WhiteClock "0:00:03"]
[BlackClock "0:00:45"]

1. e4 e5 2. Nf3 Nc6 3. Nc3 g6 4. Bc4 Bg7 5. d3 h6 6. Be3 Nge7 7. Qd2 d6 8. a3 Nd4 9. Bxd4 exd4 10. Ne2 c5 11. O-O O-O 12. h3 d5 13. exd5 Nxd5 14. Nf4 Nb6 15. Bb3 Qd6 16. Rfe1 Bd7 17. h4 Rfe8 18. Rxe8+ Rxe8 19. a4 Bc6 20. a5 Nd7 21. Re1 Ne5 22. Nxe5 Rxe5 23. Rxe5 Bxe5 24. Ne2 Kg7 25. Qe1 Qf6 26. f3 Bd6 27. Ng3 Qf4 28. Ne4 Qh2+ 29. Kf1 Bxe4 30. Qxe4 Bg3 31. Ke2 Qxg2+ 32. Kd1 Qf1+ 33. Kd2 g5 34. hxg5 hxg5 0-1


[Site "https://www.chess.com"]

[Event "Titled Tuesday Blitz January 31 Late 2023"]
[White "Zhigalko, Sergei"]
[Black "Iskusnyh, Sergei"]
[WhiteFideId "13502956"]
[BlackFideId "4120027"]
[WhiteElo "2572"]
[BlackElo "2440"]
[Result "0-1"]
[Round "10"]
[TimeControl "180+2"]
[Date "2023.01.31"]
[WhiteClock "0:00:05"]
[BlackClock "0:00:05"]

1. e4 e6 2. d4 d5 3. e5 c5 4. c3 Nc6 5. Nf3 Nge7 6. Na3 Bd7 7. Nc2 Qa5 8. Bd3 Nxd4 9. Ncxd4 cxd4 10. Nxd4 Nc6 11. Nf3 d4 12. O-O dxc3 13. Qe2 cxb2 14. Bxb2 Be7 15. Rfd1 Nb4 16. Qd2 Qa4 17. Bf1 Bc6 18. Nd4 Rd8 19. Qf4 Nc2 20. Rac1 Nxd4 21. Rxd4 Rxd4 22. Qxd4 Qxd4 23. Bxd4 O-O 24. f4 Rd8 25. Be3 a5 26. Kf2 g6 27. g3 h5 28. Rb1 a4 29. Bc4 Rc8 0-1


[Site "https://www.chess.com"]

[Event "Titled Tuesday Blitz January 31 Late 2023"]
[White "Kazakouski, Valery"]
[Black "Maximov, Dmitry"]
[WhiteFideId "13507443"]
[BlackFideId "14105659"]
[WhiteElo "2539"]
[BlackElo "2497"]
[Result "0-1"]
[Round "10"]
[TimeControl "180+2"]
[Date "2023.01.31"]
[WhiteClock "0:00:32"]
[BlackClock "0:00:53"]

1. Nf3 Nf6 2. c4 c5 3. b3 g6 4. Bb2 Bg7 5. g3 O-O 6. Bg2 d6 7. d4 cxd4 8. Qxd4 Nc6 9. Qd2 Ne4 10. Qc1 Qa5+ 11. Nbd2 Nxd2 12. Nxd2 Nd4 13. e3 Ne6 14. Bxg7 Nxg7 15. O-O a6 16. Qb2 Rb8 17. b4 Qh5 18. Nb3 Bh3 19. Rac1 Ne6 20. f4 Rfc8 21. Bf3 Bg4 22. Bd5 b5 23. a3 Be2 24. Bxe6 fxe6 25. c5 Bxf1 26. Rxf1 Qd5 27. Qc2 Qc4 28. Rc1 Qxc2 29. Rxc2 Kf7 30. Kf2 Rc7 31. e4 Rbc8 32. Ke3 Kf6 33. e5+ dxe5 34. fxe5+ Kxe5 35. Rd2 Rf8 36. Nd4 Rf1 37. Nf3+ Kf6 38. h4 h6 39. g4 Ra1 40. Rd3 e5 41. Ke4 Ra2 42. Ke3 Ke6 43. Nd2 Rc8 44. Ne4 Rh2 45. Nf2 Rxh4 46. Kf3 g5 47. Kg3 h5 48. Re3 Rf8 49. gxh5 Kd5 50. Ng4 e4 51. Re1 Rf3+ 0-1


[Site "https://www.chess.com"]

[Event "Titled Tuesday Blitz January 31 Late 2023"]
[White "Stoyanov, Tsvetan"]
[Black "Martinez Alcantara, Jose Eduardo"]
[WhiteFideId "2917173"]
[BlackFideId "3805662"]
[WhiteElo "2454"]
[BlackElo "2619"]
[Result "0-1"]
[Round "10"]
[TimeControl "180+2"]
[Date "2023.01.31"]
[WhiteClock "0:00:04"]
[BlackClock "0:02:46"]

1. e4 g5 2. d4 h6 3. Bc4 c6 4. Nc3 Bg7 5. h4 g4 6. Be3 h5 7. Nge2 b5 8. Bb3 a5 9. a3 d6 10. Ng3 Qc7 11. Qd2 Nd7 12. Nf5 Bf8 13. Bf4 Nb6 14. O-O Nf6 15. Rae1 Bxf5 16. exf5 Qd7 17. Bg5 Bg7 18. Bxf6 Bxf6 19. Ne4 Kf8 20. Nxf6 exf6 21. Qf4 d5 22. Re3 Rd8 23. Rfe1 Nc8 24. f3 Nd6 25. fxg4 hxg4 26. Qxg4 Qxf5 27. Rg3 Qxg4 28. Rxg4 f5 29. Rf4 a4 30. Ba2 Re8 31. Re5 Rxe5 32. dxe5 Ne4 33. Rxf5 Rxh4 34. e6 f6 35. Rf3 Ke7 36. c3 Kxe6 37. Bb1 f5 38. Bd3 Ke5 39. Re3 Rg4 40. Re2 Kd6 41. Re3 Ke5 42. Rf3 f4 43. Rf1 Nc5 44. Re1+ Kd6 45. Be2 Rg5 46. Bf3 Re5 47. Rd1 Re3 48. Rd2 Nd3 49. Be2 Nc1 50. Bf1 Nb3 51. Rf2 Ke5 52. Kh2 c5 53. Kg1 c4 54. Kh2 d4 55. cxd4+ Nxd4 56. Kg1 Nf5 57. Rd2 Ng3 58. Rd1 Re4 59. Rc1 Rd4 60. Kf2 Rd2+ 61. Ke1 Rxb2 0-1


[Site "https://www.chess.com"]

[Event "Titled Tuesday Blitz January 31 Late 2023"]
[White "Mekhitarian, Krikor Sevag"]
[Black "Svane, Rasmus"]
[WhiteFideId "2107660"]
[BlackFideId "4657101"]
[WhiteElo "2537"]
[BlackElo "2623"]
[Result "0-1"]
[Round "10"]
[TimeControl "180+2"]
[Date "2023.01.31"]
[WhiteClock "0:00:01"]
[BlackClock "0:00:12"]

1. e4 c6 2. Nf3 d5 3. Nc3 dxe4 4. Nxe4 Nf6 5. Qe2 Nxe4 6. Qxe4 Qa5 7. b3 Bf5 8. Qe3 e6 9. Bb2 Nd7 10. Bd3 Bxd3 11. Qxd3 Qd5 12. Qe2 Nf6 13. O-O Bd6 14. Rfe1 O-O 15. h3 Rfe8 16. d4 a5 17. c4 Qf5 18. a4 h6 19. Rad1 Bb4 20. Rf1 Rad8 21. Ne5 Nd7 22. Nd3 Bd6 23. Bc3 Bc7 24. Rfe1 Nf6 25. Ne5 Nd7 26. Nd3 Qg5 27. Bd2 Qf6 28. Bc3 Qg6 29. Qe3 Qf5 30. Rd2 Re7 31. Rde2 Rde8 32. Qe4 Qxe4 33. Rxe4 Rd8 34. Kf1 Ree8 35. Ke2 Rb8 36. Rc1 Rec8 37. Bd2 Rd8 38. Bc3 b5 39. axb5 cxb5 40. c5 Nf6 41. Rh4 Rd5 42. Bd2 g5 43. Rxh6 Kg7 44. Rxf6 Kxf6 45. Be3 a4 46. b4 e5 47. dxe5+ Bxe5 48. c6 Bc7 49. Rc3 Ke7 50. Nc5 Rc8 51. Ne4 f6 52. Bc5+ Ke6 53. Re3 Be5 54. Nc3 Rxc5 55. bxc5 a3 56. Nxb5 a2 57. Nd4+ Kd5 58. Nc2 a1=Q 59. Nxa1 Bxa1 60. Rd3+ Bd4 61. g3 Rxc6 62. Kf3 Rxc5 63. Kg4 Ke5 64. f4+ gxf4 65. gxf4+ Ke4 66. Rd1 Rc8 67. Kh5 Kf5 68. Kh6 Be3 69. Kg7 Bxf4 70. Rd5+ Be5 0-1


[Site "https://www.chess.com"]

[Event "Titled Tuesday Blitz January 31 Late 2023"]
[White "Harshavardhan G B"]
[Black "Chigaev, Maksim"]
[WhiteFideId "25059009"]
[BlackFideId "4108116"]
[WhiteElo "2408"]
[BlackElo "2628"]
[Result "0-1"]
[Round "10"]
[TimeControl "180+2"]
[Date "2023.01.31"]
[WhiteClock "0:00:08"]
[BlackClock "0:00:17"]

1. d4 Nf6 2. c4 g6 3. Nc3 Bg7 4. e4 d6 5. Nf3 O-O 6. Be2 e5 7. d5 a5 8. Bg5 h6 9. Be3 Ng4 10. Bc1 f5 11. exf5 gxf5 12. g3 Nf6 13. Nh4 Na6 14. f4 Nc5 15. O-O e4 16. Nb5 Ne8 17. Nd4 Bd7 18. Be3 a4 19. Qd2 c6 20. Rab1 cxd5 21. cxd5 Nc7 22. b4 axb3 23. axb3 Qf6 24. b4 Nd3 25. Bxd3 exd3 26. Qxd3 Qf7 27. Ne6 Nxe6 28. dxe6 Qxe6 29. Bd4 Qd5 30. Rfd1 Bc6 31. Qb3 Qxb3 32. Rxb3 Ba4 33. Bxg7 Bxb3 34. Bxf8 Bxd1 35. Bxd6 Kf7 36. Bc5 Ke6 37. Ng6 Ra2 38. Ne5 Bb3 39. Nf3 Bd5 40. Nd4+ Kf6 41. Bd6 Rg2+ 42. Kf1 Rxh2 43. Be5+ Kg6 44. Nb5 Kh5 45. Nc7 Be4 46. Ne8 Kg4 47. Nd6 Kf3 48. Ke1 h5 49. b5 Rg2 50. b6 Rxg3 51. Nf7 Ke3 52. Ng5 Rg1# 0-1


[Site "https://www.chess.com"]

[Event "Titled Tuesday Blitz January 31 Late 2023"]
[White "Melkumyan, Hrant"]
[Black "Taspinar, Yanki"]
[WhiteFideId "13302485"]
[BlackFideId "34561188"]
[WhiteElo "2645"]
[BlackElo "2262"]
[Result "1-0"]
[Round "10"]
[TimeControl "180+2"]
[Date "2023.01.31"]
[WhiteClock "0:00:39"]
[BlackClock "0:00:01"]

1. e4 e5 2. Nf3 Nc6 3. Bb5 a6 4. Ba4 d6 5. c3 Bd7 6. d4 exd4 7. cxd4 g6 8. Nc3 h6 9. O-O Bg7 10. Re1 Nge7 11. d5 Ne5 12. Nxe5 Bxe5 13. f4 Bg7 14. e5 O-O 15. Bxd7 Qxd7 16. e6 fxe6 17. Rxe6 Rae8 18. Qb3 Nf5 19. Qxb7 Rxe6 20. dxe6 Qxe6 21. Qd5 Qxd5 22. Nxd5 Re8 23. Kf1 c6 24. Nb4 c5 25. Nxa6 Re7 26. a4 Ra7 27. Nb8 Nd4 28. Ra3 Rb7 29. Na6 Ra7 30. Nb8 Rb7 31. Na6 Ra7 32. Nxc5 dxc5 33. Bd2 Kf7 34. a5 Ke6 35. Re3+ Kd5 36. Rg3 Ra6 37. h4 Nf5 38. Rh3 h5 39. b4 cxb4 40. Bxb4 Bd4 41. Be1 Ke4 42. Rf3 Ne3+ 43. Kg1 Nc2+ 44. Bf2 1-0


[Site "https://www.chess.com"]

[Event "Titled Tuesday Blitz January 31 Late 2023"]
[White "Holt, Conrad"]
[Black "Papasimakopoulos, Alexandros"]
[WhiteFideId "2034387"]
[BlackFideId "4244125"]
[WhiteElo "2540"]
[BlackElo "2401"]
[Result "1-0"]
[Round "10"]
[TimeControl "180+2"]
[Date "2023.01.31"]
[WhiteClock "0:01:52"]
[BlackClock "0:01:07"]

1. d4 e6 2. c4 Nf6 3. Nf3 Bb4+ 4. Nbd2 b6 5. a3 Bxd2+ 6. Qxd2 Bb7 7. e3 O-O 8. Be2 Ne4 9. Qc2 f5 10. b4 d6 11. Bb2 Nd7 12. d5 c5 13. dxc6 Bxc6 14. Nd4 Bb7 15. Nxe6 Qh4 16. g3 Nxg3 17. fxg3 Qe7 18. Nxf8 Rxf8 19. Rf1 Ne5 20. O-O-O Be4 21. Qd2 Rc8 22. Bxe5 dxe5 23. Qd6 Qe8 24. Kb2 h6 25. g4 a5 26. gxf5 axb4 27. Qxb4 b5 28. f6 gxf6 29. Rxf6 bxc4 30. Rg1+ Kh7 31. Qd6 Qb5+ 32. Ka1 Rg8 33. Rxh6# 1-0


[Site "https://www.chess.com"]

[Event "Titled Tuesday Blitz January 31 Late 2023"]
[White "Galchenko, Matvey"]
[Black "Tan, Zhongyi"]
[WhiteFideId "24175480"]
[BlackFideId "8603642"]
[WhiteElo "2438"]
[BlackElo "2517"]
[Result "0-1"]
[Round "10"]
[TimeControl "180+2"]
[Date "2023.01.31"]
[WhiteClock "0:00:11"]
[BlackClock "0:00:06"]

1. f4 d5 2. Nf3 c5 3. g3 Nc6 4. Bg2 g6 5. O-O Bg7 6. d3 Nf6 7. Nc3 d4 8. Na4 Nd7 9. c4 O-O 10. a3 Rb8 11. b4 b6 12. Rb1 Qc7 13. e4 dxe3 14. Bxe3 Nd4 15. Bxd4 cxd4 16. Qe2 Re8 17. Nb2 Bb7 18. Nh4 Bxg2 19. Qxg2 Nf6 20. h3 e5 21. fxe5 Rxe5 22. Nf3 Re3 23. Rbe1 Rbe8 24. Rxe3 dxe3 25. Re1 Nh5 26. Nd1 e2 27. Rxe2 Rxe2 28. Qxe2 Qxg3+ 29. Qg2 Qf4 30. Qf2 Qc1 31. Qe1 Nf4 32. Ng5 Bd4+ 33. Kh1 Kg7 34. Qf1 h6 35. Nf3 Bf6 36. a4 Nxh3 37. Kh2 Nf4 38. a5 Qc2+ 39. Nf2 Nxd3 40. Qxd3 Qxf2+ 41. Kh1 bxa5 42. bxa5 h5 43. Nd2 Bd4 44. Nf3 Be3 45. Qe4 Qf1+ 46. Kh2 Qe2+ 47. Kh1 Qf1+ 48. Kh2 Qf2+ 49. Kh1 h4 50. Qe5+ Kh7 51. Qf6 Qf1+ 52. Kh2 Bg1+ 53. Kh1 Bf2+ 54. Kh2 Bg3# 0-1


[Site "https://www.chess.com"]

[Event "Titled Tuesday Blitz January 31 Late 2023"]
[White "EREBUNI91"]
[Black "Borges Feria, Yasel"]
[BlackFideId "3504921"]
[WhiteElo "2685"]
[BlackElo "2439"]
[Result "1/2-1/2"]
[Round "10"]
[TimeControl "180+2"]
[Date "2023.01.31"]
[WhiteClock "0:00:17"]
[BlackClock "0:00:05"]

1. e4 c6 2. d4 d5 3. exd5 cxd5 4. Bd3 Nc6 5. c3 Nf6 6. Bf4 g6 7. Nf3 Bf5 8. Ne5 Bxd3 9. Nxd3 Bg7 10. O-O O-O 11. Nd2 e6 12. Nf3 Rc8 13. Nfe5 Nd7 14. Nxd7 Qxd7 15. Qd2 b6 16. Bh6 Na5 17. Bxg7 Kxg7 18. Rae1 Nc4 19. Qg5 Qd8 20. Qg3 Qc7 21. Qh4 Nd2 22. f4 Nxf1 23. Rxf1 Qc4 24. Ne5 Qe2 25. Nd7 Qxb2 26. Qf6+ Kg8 27. Qe5 Rfd8 28. Nf6+ Kf8 29. Nxh7+ Ke8 30. Nf6+ Ke7 31. Qg5 Kd6 32. Ng4 Qxc3 33. Qf6 Rd7 34. h3 Qd3 35. Ne5 Qf5 36. Nxd7 Kxd7 37. Qg7 Rc2 38. Rf3 Kc6 39. Qf8 Kb7 40. Qe7+ Rc7 41. Qb4 Qc2 42. a3 Qc4 43. h4 Qe2 44. Kh2 a5 45. Qf8 Qe1 46. Rg3 Qd1 47. f5 Qxd4 48. fxg6 Qxh4+ 49. Rh3 Qf4+ 50. Rg3 Qh4+ 51. Rh3 Qf4+ 52. Rg3 Qh4+ 1/2-1/2


[Site "https://www.chess.com"]

[Event "Titled Tuesday Blitz January 31 Late 2023"]
[White "Bryakin, Mikhail"]
[Black "Kanakaris, Georgios"]
[WhiteFideId "4165314"]
[BlackFideId "4209460"]
[WhiteElo "2455"]
[BlackElo "2391"]
[Result "1-0"]
[Round "10"]
[TimeControl "180+2"]
[Date "2023.01.31"]
[WhiteClock "0:02:23"]
[BlackClock "0:00:22"]

1. Nf3 Nf6 2. b3 g6 3. Bb2 Bg7 4. g3 d6 5. Bg2 e5 6. O-O Nc6 7. d4 exd4 8. Nxd4 Nxd4 9. Qxd4 Nh5 10. Qe3+ Qe7 11. Qxe7+ Kxe7 12. Bxg7 Nxg7 13. Nc3 c6 14. e4 Ne6 15. f4 f6 16. Rad1 Bd7 17. Rd2 Rad8 18. Rfd1 Bc8 19. Kf2 g5 20. Ke3 gxf4+ 21. gxf4 Rhg8 22. Bf3 Nf8 23. Ne2 Ng6 24. Ng3 Nh4 25. Be2 Ng2+ 26. Kf3 Nh4+ 27. Kf2 Bg4 28. Bxg4 Rxg4 29. Ke3 Ke6 30. c4 b6 31. b4 c5 32. bxc5 bxc5 33. Rd5 Rg7 34. Rh5 Rg4 35. Rxh7 f5 36. Rh6+ Ke7 37. Rxh4 Rxh4 38. Nxf5+ 1-0


[Site "https://www.chess.com"]

[Event "Titled Tuesday Blitz January 31 Late 2023"]
[White "Oganian, Miran"]
[Black "Golubka, Petro"]
[WhiteFideId "4122488"]
[BlackFideId "14114224"]
[WhiteElo "2439"]
[BlackElo "2371"]
[Result "0-1"]
[Round "10"]
[TimeControl "180+2"]
[Date "2023.01.31"]
[WhiteClock "0:01:42"]
[BlackClock "0:01:44"]

1. e4 d5 2. exd5 Qxd5 3. Be2 Qxg2 4. Bf3 Qg6 5. Ne2 Nc6 6. Nbc3 Nb4 7. Nb5 Qb6 8. Nbc3 Bf5 9. d3 e5 10. Be3 Qa6 11. a3 Nc6 12. b4 Nd8 13. Nd5 Ne6 14. Ng3 Bg6 15. h4 h6 16. h5 Bh7 17. Bg4 O-O-O 18. Nc3 Nf6 19. Bh3 Kb8 20. Kf1 Nf4 21. Bxf4 exf4 22. Nf5 g6 23. Nh4 g5 24. Nf5 g4 25. Bxg4 Nxg4 26. Qxg4 Qf6 27. Qh4 Qxh4 28. Nxh4 Bg7 0-1


[Site "https://www.chess.com"]